AoeStats
← yvetteabernathydam

Arena

510898470Analyzed
2v2 RM · 7h ago on Oct 3, 2026· 46m 42s· 4 players
Game mode
Random Map
Map size
Medium (4 player)
Population
200
Speed
Normal
Resources
Standard
Victory
Conquest
Starting age
Dark Age
Ending age
Imperial Age
RankedLock teamsTeams togetherTeam positionsShared explorationLock speedFull tech treeHidden civsTurbo modeCheats
Victory
Defeat
🇺🇸 Huns · United States
1248
+14
🇨🇳 Britons · China
1219
+40
🇵🇪 Goths · Peru
1213
-15
🇵🇪 Bulgarians · Peru
1211
-15
Inkarri
2:21 Loom
10:22 Feudal Age
11:55 Wheelbarrow
11:09 Double-Bit Axe
15:46 Stone Mining
18:42 Horse Collar
23:06 Castle Age
21:39 Fletching
23:46 Bodkin Arrow
24:10 Bow Saw
26:32 Heavy Plow
28:04 Gold Mining
29:08 Hand Cart
29:33 Forging
30:33 Stone Shaft Mining
32:15 Scale Barding Armor
32:46 Iron Casting
32:35 Bloodlines
33:21 Husbandry
33:45 Chain Barding Armor
37:19 Imperial Age
36:10 Stirrups
37:55 Murder Holes
38:38 Elite Konnik
40:46 Conscription
41:57 Blast Furnace
41:33 Plate Barding Armor
Artorias
10:29 Feudal Age
14:14 Castle Age
12:56 Double-Bit Axe
20:33 Forging
20:33 Scale Barding Armor
23:59 Chain Barding Armor
23:43 Scale Mail Armor
24:21 Wheelbarrow
23:31 Town Watch
25:36 Chain Mail Armor
26:59 Iron Casting
30:44 Bow Saw
31:03 Hand Cart
31:40 Loom
32:02 Man-at-Arms
34:32 Fletching
45:45 Imperial Age
43:02 Long Swordsman
44:03 Pikeman
44:44 Squires
Shotzsik
6:35 Loom
9:09 Feudal Age
10:06 Double-Bit Axe
10:37 Fletching
11:25 Wheelbarrow
12:44 Town Watch
15:18 Horse Collar
21:32 Gold Mining
25:52 Castle Age
27:44 Bow Saw
28:44 Hand Cart
28:33 Heavy Plow
35:28 Gold Shaft Mining
40:54 Imperial Age
38:32 Scale Barding Armor
38:38 Forging
39:07 Masonry
39:56 Bloodlines
39:47 Husbandry
40:40 Chain Barding Armor
41:34 Iron Casting
41:02 Cavalier
42:27 Plate Barding Armor
41:27 Light Cavalry
43:15 Blast Furnace
42:18 Paladin
43:18 Hussar
yvetteabernathydam
10:56 Feudal Age
12:06 Double-Bit Axe
12:02 Horse Collar
14:25 Castle Age
15:43 Bow Saw
15:35 Heavy Plow
17:15 Wheelbarrow
20:12 Stone Mining
20:37 Gold Mining
24:12 Hand Cart
24:32 Town Watch
24:34 Loom
28:03 Imperial Age
26:40 Gold Shaft Mining
26:08 Gambesons
25:44 Man-at-Arms
26:25 Squires
26:10 Arson
26:29 Scale Mail Armor
26:40 Forging
26:58 Long Swordsman
28:01 Chain Mail Armor
29:01 Iron Casting
28:07 Two-Handed Swordsman
29:11 Conscription
29:25 Plate Mail Armor
29:41 Champion
32:00 Blast Furnace
31:39 Fletching
32:48 Hoardings
32:21 Warwolf
34:20 Town Patrol
35:38 Ballistics
36:18 Chemistry
34:59 Treadmill Crane
35:22 Bodkin Arrow
35:32 Elite Longbowman
36:36 Yeomen
36:24 Bracer
36:24 Padded Archer Armor
38:35 Coinage
38:17 Guilds
43:36 Pikeman
44:34 Leather Archer Armor
Connection lost

Rejoining the realm…

Still unreachable

The connection could not be restored.

Session expired

The server has moved on; the page needs a fresh start.